 Dungeon Crawl Stone Soup version 0.31-a0-188-g5e087ee2ca (webtiles) character file.

Game seed: 13839423247346552560

138 Arzdou the Shooter (level 5, 0/25 HPs)
             Began as a Spriggan Hunter on June 23, 2023.
             Slain by a scorpion (5 damage)
             ... on level 4 of the Dungeon.
             The game lasted 00:05:18 (2996 turns).

Arzdou the Shooter (Spriggan Hunter)                Turns: 2996, Time: 00:05:22

Health: 0/25       AC:  6    Str:  6 (7)  XL:     5   Next: 1%
Magic:  6/6        EV: 17    Int:  7 (10) God:
Gold:   241        SH:  0    Dex: 19 (21) Spells: 4/4 levels left

rFire   . . .        a - +0 shortbow
rCold   . . .        (shield currently unavailable)
rNeg    . . .        s - +1 robe "Ibed Vui" {rCorr}
rPois   .            (helmet restricted)
rElec   .            r - +2 cloak
rCorr   +            (gloves unavailable)
SInv    +            (boots unavailable)
Will    .....        (no amulet)
Stlth   ++           (no ring)
HPRegen 0.24/turn    (no ring)
MPRegen 0.10/turn

%: no passive effects
@: lethally poisoned (0 -> -12), very quick
A: very small, no large weapons, unfitting armour, see invisible, speed 3
a: no special abilities


You were on level 4 of the Dungeon.
You visited 1 branch of the dungeon, and saw 4 of its levels.

You collected 241 gold pieces.

Inventory:

Hand Weapons
 a - a +0 shortbow (weapon)
Armour
 c - a +0 robe
 r - a +2 cloak (worn)
 s - the +1 robe "Ibed Vui" (worn) {rCorr}
   (You found it on level 4 of the Dungeon)

   rCorr:     It protects you from acid and corrosion.
Wands
 l - a wand of flame (20)
Scrolls
 b - a scroll of butterflies
 d - 7 scrolls of identify {unknown}
 f - 4 scrolls of noise {unknown}
 g - a scroll of brand weapon {unknown}
 i - 3 scrolls of revelation {unknown}
 n - a scroll of immolation {unknown}
 o - a scroll of teleportation {unknown}
 p - a scroll of amnesia {unknown}
 q - a scroll of silence {unknown}
 t - a scroll of torment {unknown}
Potions
 e - 2 potions of brilliance {unknown}
 h - a potion of heal wounds {unknown}
 j - a potion of curing {unknown}
 k - a potion of enlightenment {unknown}
 m - a potion of degeneration


   Skills:
 - Level 1.5 Fighting
 + Level 6.3 Ranged Weapons
 - Level 2.6 Dodging
 - Level 1.5 Stealth


You had 4 spell levels left.
You didn't know any spells.
Your spell library contained the following spells:

 Spells                   Type           Power      Damage    Failure   Level
 Vhi's Electric Charge    Tloc/Air       0%         N/A       80%         3
 Dispersal                Tloc           0%         N/A       100%        6


Dungeon Overview and Level Annotations

Branches:
Dungeon (4/15)
 Temple: D:4-7

Altars:
Elyvilon
Trog

Shops:
D:1 (


Innate Abilities, Weirdness & Mutations

You are very small and have problems with some larger weapons.
You are too small for most types of armour.
You have supernaturally acute eyesight. (SInv)
You cover ground extremely quickly. (Speed+++)


Message History

The scorpion barely misses you.
You shoot an arrow. The arrow hits the scorpion.
The scorpion is severely wounded.
The scorpion barely misses you.
You shoot an arrow.
The arrow hits the scorpion but does no damage.
The scorpion is severely wounded.
The scorpion stings you. The scorpion closely misses you.
You shoot an arrow.
The arrow hits the scorpion but does no damage.
The scorpion is severely wounded.
The scorpion completely misses you.
You shoot an arrow. The arrow closely misses the scorpion.
The scorpion stings you but does no damage.
You shoot an arrow. The arrow hits the scorpion.
The scorpion is almost dead.
The scorpion completely misses you. The scorpion stings you.
You are poisoned.
The scorpion poisons you!
You shoot an arrow. The arrow closely misses the scorpion.
You feel sick. The scorpion stings you.
You shoot an arrow. The arrow barely misses the scorpion.
You feel sick. The scorpion stings you.
You are lethally poisoned!
The scorpion poisons you!
You are too injured to fight recklessly!
You are too injured to fight recklessly!
You are too injured to fight recklessly!
You are too injured to fight recklessly!
You are too injured to fight recklessly!
You are too injured to fight recklessly!
You are too injured to fight recklessly!
You are too injured to fight recklessly!
It was a potion of degeneration.
There was something very wrong with that liquid.
You feel weakened.
You feel dopey.
You feel clumsy.
* * * LOW HITPOINT WARNING * * *
You feel very sick. The scorpion stings you.
You die...

##...#....####........#
######
#####.####...........##
#..... #.###.....######..#
#.....
#.##.......######.###.....
#.##.......##.............
#.##..........###..##.....
##.###.....########.####..#
#...#.....s.###..........##
#.........@.....####.#####
##............####.......##
#.##.........###.........#
#.####....................
#......##.................
#......##.................
#......##......#..........
#......##...##.#....#>....
#.#.####....##..#.........


You could see a scorpion.

Vanquished Creatures
  Crazy Yiuf (D:3)
  Ijyb (D:3)
  An adder (D:2)
  An ufetubus (D:4)
  3 dart slugs
  3 orcs
  5 endoplasms
  5 giant cockroaches
  3 goblins
  6 hobgoblins
  4 jackals
  4 kobolds
  2 quokkas
  8 ball pythons
  2 bats
  2 frilled lizards (D:1)
  6 rats
57 creatures vanquished.

Notes
Turn   | Place    | Note
-------+----------+-------------------------------------------
     0 | D:1      | Arzdou the Spriggan Hunter began the quest for the Orb.
     0 | D:1      | Reached XP level 1. HP: 10/10 MP: 2/2
   194 | D:1      | Reached XP level 2. HP: 14/14 MP: 3/3
   275 | D:1      | Found Ynot Unt's Weapon Shoppe.
   688 | D:1      | Reached skill level 5 in Ranged Weapons
   694 | D:1      | Reached XP level 3. HP: 18/18 MP: 4/4
   765 | D:2      | Identified the +2 whip "Erhik" {flame, Stlth+}
  1023 | D:2      | Found a white marble altar of Elyvilon.
  1605 | D:3      | Noticed Ijyb
  1779 | D:3      | Killed Ijyb
  1780 | D:3      | Reached XP level 4. HP: 16/22 MP: 5/5
  1989 | D:3      | You fall into a shaft and drop 1 floor!
  2028 | D:4      | Noticed a scorpion
  2368 | D:3      | Got the Atlas of the Map
  2520 | D:3      | Found a runed translucent door.
  2521 | D:3      | Noticed Crazy Yiuf
  2556 | D:3      | Killed Crazy Yiuf
  2557 | D:3      | Reached skill level 6 in Ranged Weapons
  2639 | D:4      | Identified the +1 robe "Ibed Vui" {rCorr}
  2681 | D:4      | Reached XP level 5. HP: 25/25 MP: 6/6
  2689 | D:4      | Found a bloodstained altar of Trog.
  2996 | D:4      | Slain by a scorpion

Illustrated notes

Levels and vault maps discovered:
D:1:      spicycebolla_arrival_ecumenical, layout_basic, serial_shops, shop,
          minmay_ruptured
D:2:      layout_loops_corners, basic_altar
D:3:      layout_loops_ring, uniq_ijyb, uniq_crazy_yiuf_cottage
D:4:      layout_rooms, trog_three_pillars_becter

Skill      XL: |  1  2  3  4 |
---------------+-------------+-----
Ranged Weapons | 5 6 |  6.3
Fighting       | |  1.5
Dodging        | |  2.6
Stealth        | |  1.5

Action                     |  1- 3 |  4- 6 || total
---------------------------+-------+-------++-------
   Fire: Shortbow          |   114 |    53 ||   167
    Use: Potion            |       |     1 ||     1
 Armour: Robe              |       |     1 ||     1
  Dodge: Dodged            |    29 |     9 ||    38

Table legend: (Time is in decaauts)
 A = Elapsed time spent in this place.
 B = Non-inter-level travel time spent in this place.
 C = Inter-level travel time spent in this place.
 D = Time resting spent in this place.
 E = Time spent auto-exploring this place.
 F = Levels seen in this place.
 G = Mean time per level.
                   A        B        C        D        E       F      G
               +--------+--------+--------+--------+--------+-----+--------+
         Total |   1978 |   1910 |     68 |     17 |   1496 |   4 |  494.5 |
       Dungeon |   1978 |   1910 |     68 |     17 |   1496 |   4 |  494.5 |
               +--------+--------+--------+--------+--------+-----+--------+

Top non-repeatable levels by time:
     D:3: 624 daAuts
     D:2: 577 daAuts
     D:1: 448 daAuts
     D:4: 329 daAuts
